[Event "Titled Tuesday Blitz August 22 Early 2023"]
[White "Wang, Alexander J"]
[Black "Veiga, Jose Francisco R P Neves"]
[WhiteFideId "30955270"]
[BlackFideId "1930087"]
[WhiteElo "2292"]
[BlackElo "2623"]
[Result "0-1"]
[Round "4"]
[TimeControl "180+1"]
[Date "2023.08.22"]
[WhiteClock "0:00:24"]
[BlackClock "0:01:37"]
[Board "232"]

1. e4 Nc6 2. d4 d5 3. e5 Bf5 4. Nf3 e6 5. c3 f6 6. Bd3 Bxd3 7. Qxd3 fxe5 8. dxe5 Nge7 9. Bf4 Ng6 10. Bg3 Bc5 11. O-O O-O 12. Nbd2 Nf4 13. Bxf4 Rxf4 14. Rfe1 Ne7 15. Nb3 Bb6 16. Nbd4 Qd7 17. a4 c5 18. Nb5 Raf8 19. Nd6 Ng6 20. c4 dxc4 21. Qd2 Rxf3 22. gxf3 Nh4 23. Re3 Nxf3+ 24. Rxf3 Rxf3 25. Rd1 Bc7 26. Nxc4 Qf7 27. Qd7 h6 28. Qxf7+ Rxf7 29. Kg2 Kf8 30. Kg3 Ke7 31. f4 g5 32. fxg5 hxg5 33. Nd6 Bxd6 34. exd6+ Kd7 35. Kg4 Rf5 36. b3 b6 37. Rd3 a6 38. Rd2 b5 39. axb5 axb5 40. Rd3 b4 41. Rd2 Rd5 42. Rxd5 exd5 43. Kxg5 c4 44. bxc4 dxc4 45. h4 b3 46. h5 b2 47. h6 b1=Q 48. h7 Qxh7 49. Kf6 Kxd6 50. Kg5 Qg7+ 51. Kf4 0-1


[Site "https://www.chess.com"]

[Event "Titled Tuesday Blitz August 22 Early 2023"]
[White "EvgenyBurmakin"]
[Black "Aggelis, Nikolaos"]
[BlackFideId "4213220"]
[WhiteElo "2289"]
[BlackElo "2575"]
[Result "0-1"]
[Round "4"]
[TimeControl "180+1"]
[Date "2023.08.22"]
[WhiteClock "0:00:00"]
[BlackClock "0:01:32"]
[Board "233"]

1. e4 c6 2. Nc3 d5 3. Nf3 dxe4 4. Nxe4 Bg4 5. d4 Nd7 6. Bc4 e6 7. h3 Bxf3 8. Qxf3 Ngf6 9. Bd2 Nxe4 10. Qxe4 Nf6 11. Qe2 Qxd4 12. O-O-O Qb6 13. Bxe6 fxe6 14. Qxe6+ Be7 15. Rhe1 Nd5 16. Ba5 Qxa5 17. Rxd5 Qxe1+ 18. Qxe1 cxd5 19. Qe6 Rd8 20. c3 Rf8 21. f3 b6 22. h4 Rd6 23. Qe5 Kf7 24. h5 Rfd8 25. h6 Bf6 26. Qf5 g6 27. Qf4 d4 28. Kc2 dxc3 29. bxc3 Rc6 30. g4 Rxc3+ 31. Kb1 Rd1+ 0-1


[Site "https://www.chess.com"]

[Event "Titled Tuesday Blitz August 22 Early 2023"]
[White "brm72"]
[Black "Palacio,Igor Da Paz"]
[BlackFideId "2121140"]
[WhiteElo "2565"]
[BlackElo "2267"]
[Result "1-0"]
[Round "4"]
[TimeControl "180+1"]
[Date "2023.08.22"]
[WhiteClock "0:01:21"]
[BlackClock "0:00:04"]
[Board "234"]

1. e4 d6 2. d4 Nf6 3. Nc3 g6 4. Nf3 Bg7 5. Be3 O-O 6. h3 Nc6 7. Qd2 e5 8. O-O-O exd4 9. Nxd4 Nxd4 10. Bxd4 Qe7 11. f3 Rd8 12. Bc4 Be6 13. Bxe6 fxe6 14. g4 Nd7 15. h4 Ne5 16. Qe2 Qf7 17. Rdf1 a6 18. f4 Nc6 19. Bxg7 Qxg7 20. f5 exf5 21. gxf5 Re8 22. fxg6 hxg6 23. Nd5 Re6 24. h5 Qh6+ 25. Kb1 gxh5 26. Rxh5 Qg7 27. Qd2 Rg6 28. a3 Rf8 29. Rfh1 Rg1+ 30. Rxg1 Qxg1+ 31. Ka2 Qd4 32. Qg5+ Qg7 33. Qh4 Ne5 34. Rg5 Ng6 35. Rxg6 Qxg6 36. Ne7+ 1-0


[Site "https://www.chess.com"]

[Event "Titled Tuesday Blitz August 22 Early 2023"]
[White "Martins, Bruno Andre Leite"]
[Black "Simonovic, Miroslav"]
[WhiteFideId "1942255"]
[BlackFideId "919152"]
[WhiteElo "2556"]
[BlackElo "2264"]
[Result "1-0"]
[Round "4"]
[TimeControl "180+1"]
[Date "2023.08.22"]
[WhiteClock "0:01:28"]
[BlackClock "0:00:06"]
[Board "235"]

1. e4 c5 2. Nf3 Nc6 3. d4 cxd4 4. Nxd4 g6 5. Nc3 Bg7 6. Be3 d6 7. Bc4 Nf6 8. f3 h5 9. Qd2 Qa5 10. Nb3 Qd8 11. O-O-O Bd7 12. Kb1 Ne5 13. Be2 Rc8 14. Nd5 Nc4 15. Bxc4 Rxc4 16. Nxf6+ Bxf6 17. Rhe1 O-O 18. h3 a5 19. Bg5 Bxg5 20. Qxg5 a4 21. Nd4 Kg7 22. Nf5+ Bxf5 23. exf5 Rc5 24. g4 Rh8 25. Rxe7 hxg4 26. Qxg6+ 1-0


[Site "https://www.chess.com"]

[Event "Titled Tuesday Blitz August 22 Early 2023"]
[White "Fajdetic, Hrvoje"]
[Black "Rizzo, Tobias"]
[WhiteFideId "14501945"]
[BlackFideId "30942691"]
[WhiteElo "2252"]
[BlackElo "2489"]
[Result "0-1"]
[Round "4"]
[TimeControl "180+1"]
[Date "2023.08.22"]
[WhiteClock "0:00:09"]
[BlackClock "0:00:27"]
[Board "236"]

1. d4 e5 2. dxe5 Nc6 3. Nf3 Qe7 4. Bg5 Qb4+ 5. Nc3 Qxb2 6. Bd2 Bb4 7. Rb1 Qxc3 8. Bxc3 Bxc3+ 9. Nd2 Nxe5 10. e3 Nf6 11. Rb3 Ba5 12. Rb5 Nc6 13. Bd3 O-O 14. O-O a6 15. Rg5 h6 16. Rg3 d5 17. Nb3 Bc3 18. Qe2 Re8 19. Rd1 Be5 20. f4 Bxf4 21. exf4 Rxe2 22. Bxe2 Bf5 23. c4 dxc4 24. Bxc4 Re8 25. Nc5 b5 26. Bf1 Nh5 27. Rc3 Nb8 28. Nb3 c6 29. Nd4 Bd7 30. g3 Nf6 31. Nf3 Nd5 32. Rc5 Bg4 33. Bg2 Re2 34. h3 Be6 35. Nd4 Rxg2+ 36. Kxg2 Ne3+ 37. Kf3 Nxd1 38. Nxe6 fxe6 39. Rc2 c5 40. Ke2 c4 41. Kxd1 Nc6 42. Rd2 Kf7 43. Rd7+ Kf6 44. Rc7 Nb4 45. Ra7 Nxa2 46. Rxa6 Nc3+ 47. Kc2 Ne4 48. g4 b4 49. f5 b3+ 50. Kb2 c3+ 51. Kxb3 Nc5+ 52. Kxc3 Nxa6 53. fxe6 Kxe6 54. Kd4 Nc7 55. Ke4 Kf6 56. Kf4 g5+ 57. Ke4 Ne6 58. Kf3 Nf4 59. h4 Ke5 60. hxg5 hxg5 61. Ke3 Nd5+ 62. Kf3 Kd4 63. Kg3 Ke3 64. Kh3 Kf3 65. Kh2 Kxg4 66. Kg2 Kf4 67. Kh3 Kf3 68. Kh2 g4 69. Kg1 Kg3 70. Kf1 Kh2 0-1


[Site "https://www.chess.com"]

[Event "Titled Tuesday Blitz August 22 Early 2023"]
[White "Ai, Evan"]
[Black "Chernikov, Vladimir"]
[WhiteFideId "2094770"]
[BlackFideId "14112914"]
[WhiteElo "2248"]
[BlackElo "2486"]
[Result "0-1"]
[Round "4"]
[TimeControl "180+1"]
[Date "2023.08.22"]
[WhiteClock "0:00:02"]
[BlackClock "0:00:51"]
[Board "237"]

1. e4 d6 2. d4 Nf6 3. Nc3 e5 4. dxe5 dxe5 5. Qxd8+ Kxd8 6. Bg5 Be6 7. O-O-O+ Kc8 8. a3 c6 9. Nf3 Nbd7 10. Nd2 Bc5 11. f3 b5 12. Nb3 Bb6 13. a4 b4 14. Nb1 a5 15. N1d2 Ne8 16. Nc4 Bc7 17. Be3 Bxc4 18. Bxc4 Nd6 19. Be2 Rd8 20. Nc5 Nxc5 21. Bxc5 Kb7 22. Rd2 f6 23. b3 Nf7 24. Rhd1 Rxd2 25. Rxd2 Rd8 26. Rxd8 Nxd8 27. Bc4 Bb6 28. Bf8 Be3+ 29. Kd1 Bh6 30. Bg8 Kc7 31. Bc5 Nb7 32. Bf2 Kd6 33. Bxh7 Nc5 34. Bg8 g6 35. Bf7 g5 36. Ke2 Nd7 37. Be8 Nf8 38. Bb6 Ne6 39. Bxa5 c5 40. Kd3 Nf4+ 41. Kc4 Nxg2 42. Bb6 Ne3+ 43. Kb5 Nxc2 44. Bxc5+ Kc7 45. Bxb4 Nd4+ 46. Kc4 Nxf3 47. Be7 g4 48. Bxf6 Bf4 49. b4 Nxh2 50. Bh4 Nf3 51. Bf2 g3 52. Bc5 g2 53. b5 Nd2+ 54. Kd5 Nf1 55. Bg1 Be3 56. Kxe5 Bxg1 57. Bc6 Bh2+ 0-1


[Site "https://www.chess.com"]

[Event "Titled Tuesday Blitz August 22 Early 2023"]
[White "Kaminski, Victor"]
[Black "Forgacs, Attila Jr."]
[WhiteFideId "1131630"]
[BlackFideId "773654"]
[WhiteElo "2248"]
[BlackElo "2482"]
[Result "1/2-1/2"]
[Round "4"]
[TimeControl "180+1"]
[Date "2023.08.22"]
[WhiteClock "0:00:04"]
[BlackClock "0:00:09"]
[Board "238"]

1. e4 e5 2. Nf3 Nc6 3. Bb5 a6 4. Ba4 Nf6 5. O-O Be7 6. d3 b5 7. Bb3 d6 8. Bd2 O-O 9. h3 h6 10. a4 Rb8 11. Nc3 Re8 12. axb5 axb5 13. Nd5 Bf8 14. c3 Be6 15. Nxf6+ Qxf6 16. Nh2 Qg6 17. Bxe6 Qxe6 18. f4 exf4 19. Bxf4 Ne5 20. Bxe5 dxe5 21. Ng4 Rbd8 22. Qf3 Rd7 23. Rad1 Red8 24. Kh1 c5 25. Qg3 Kh8 26. Nxe5 Bd6 27. Rf5 Re7 28. d4 cxd4 29. cxd4 Bxe5 30. Rxe5 Qxe5 31. dxe5 Rxd1+ 32. Kh2 Rd4 33. e6 Rxe6 34. Qb8+ Kh7 35. Qxb5 Rexe4 36. Qf5+ Kg8 37. Qc8+ Kh7 38. Qf5+ Kh8 39. Qxf7 Rf4 40. Qe8+ Kh7 41. Qe5 Rb4 42. b3 Rf6 43. Qc3 Rbf4 44. Qd3+ Kg8 45. Qd8+ Rf8 46. Qd5+ Kh8 47. Qd6 Rf2 48. b4 R8f6 49. Qd8+ Kh7 50. Qd3+ Rg6 51. h4 Rxg2+ 52. Kh3 Rg1 53. Kh2 h5 54. Qf5 Rg4 55. Qxh5+ Kg8 56. Qd5+ Kh8 57. Qh5+ Kg8 58. Qd5+ Kf8 59. Qd8+ Kf7 60. Qd7+ Kf6 61. Qd6+ Kf5 62. Qd5+ Kf6 63. Qd6+ Kf5 64. Qd5+ Kf4 65. Qd4+ Kf3 66. Qd3+ Kf2 67. Qd2+ Kf3 68. Qd3+ Kf4 69. Qd4+ Kf5 70. Qd5+ 1/2-1/2


[Site "https://www.chess.com"]

[Event "Titled Tuesday Blitz August 22 Early 2023"]
[White "Zaichenko, Daria"]
[Black "Herman, Daniel"]
[WhiteFideId "4197453"]
[BlackFideId "30935008"]
[WhiteElo "2242"]
[BlackElo "2428"]
[Result "0-1"]
[Round "4"]
[TimeControl "180+1"]
[Date "2023.08.22"]
[WhiteClock "0:00:46"]
[BlackClock "0:00:55"]
[Board "239"]

1. e4 Nf6 2. e5 Nd5 3. d4 d6 4. c4 Nb6 5. Nf3 Nc6 6. exd6 cxd6 7. d5 Nb8 8. Nc3 N8d7 9. Bd3 g6 10. b3 Bg7 11. Bb2 O-O 12. O-O Nf6 13. Qe2 Bg4 14. h3 Bxf3 15. Qxf3 Nbd7 16. Ne2 Ne5 17. Bxe5 dxe5 18. Qe3 e4 19. Bxe4 Nxe4 20. Qxe4 Bxa1 21. Rxa1 Qd6 22. a3 e6 23. dxe6 Qxe6 24. Qxe6 fxe6 25. Nd4 Kf7 26. Nb5 Rad8 27. Nxa7 Rd2 28. c5 Ke7 29. f3 Rc2 30. b4 Rd8 31. Nb5 Rdd2 32. Nd6 Rxg2+ 33. Kf1 Rh2 34. Kg1 Rxh3 35. Nxb7 Rg3+ 36. Kh1 Rxf3 37. b5 Rb3 38. a4 h5 39. Rg1 Rh3# 0-1


[Site "https://www.chess.com"]

[Event "Titled Tuesday Blitz August 22 Early 2023"]
[White "Sarkar, Justin"]
[Black "Cheer_Down"]
[WhiteFideId "2010011"]
[WhiteElo "2234"]
[BlackElo "2394"]
[Result "0-1"]
[Round "4"]
[TimeControl "180+1"]
[Date "2023.08.22"]
[WhiteClock "0:00:00"]
[BlackClock "0:01:10"]
[Board "241"]

1. d4 d5 2. c4 e6 3. Nf3 Nf6 4. Bg5 Nbd7 5. e3 h6 6. Bh4 Be7 7. Nc3 O-O 8. Rc1 c5 9. cxd5 Nxd5 10. Nxd5 Bxh4 11. Nxh4 Qxh4 12. Nc7 Rb8 13. dxc5 Nxc5 14. Rxc5 Qb4+ 15. Rc3 Qxb2 16. Nb5 a6 17. Rb3 Qxa2 18. Nc3 Qa5 19. Be2 Rd8 20. Qc1 e5 21. O-O Be6 22. Qa3 Qc7 23. Rbb1 b5 24. Rfc1 Qb6 25. Ne4 Bf5 26. Bf3 Qg6 27. Qxa6 Bxe4 28. Bxe4 Qxe4 29. Rxb5 Rxb5 30. Qxb5 Qd5 31. Qxd5 Rxd5 32. Kf1 g6 33. Ke2 Kg7 0-1


[Site "https://www.chess.com"]

[Event "Titled Tuesday Blitz August 22 Early 2023"]
[White "Kiseleva, Arina"]
[Black "Smiechu"]
[WhiteFideId "4164989"]
[WhiteElo "2230"]
[BlackElo "2390"]
[Result "0-1"]
[Round "4"]
[TimeControl "180+1"]
[Date "2023.08.22"]
[WhiteClock "0:01:03"]
[BlackClock "0:02:02"]
[Board "242"]

1. d4 Nf6 2. Nf3 c5 3. e3 g6 4. Bd3 Bg7 5. O-O O-O 6. a3 d6 7. b4 cxd4 8. exd4 b6 9. Bb2 Bb7 10. c4 d5 11. c5 Nc6 12. b5 Na5 13. c6 Bc8 14. Nbd2 Ne8 15. a4 Nd6 16. Ne5 Bf5 17. Bxf5 Nxf5 18. Rc1 Qc7 19. Nb3 Nxb3 20. Qxb3 Nxd4 21. Bxd4 Bxe5 22. Qxd5 Bxh2+ 23. Kh1 Rad8 24. Qe4 Qf4 25. Qxf4 Bxf4 26. Rfd1 Bxc1 27. Rxc1 Rxd4 28. c7 Rc8 0-1


[Site "https://www.chess.com"]

[Event "Titled Tuesday Blitz August 22 Early 2023"]
[White "Legenia, Artem"]
[Black "hsd2016"]
[WhiteFideId "14136945"]
[WhiteElo "2389"]
[BlackElo "2220"]
[Result "1-0"]
[Round "4"]
[TimeControl "180+1"]
[Date "2023.08.22"]
[WhiteClock "0:00:42"]
[BlackClock "0:00:03"]
[Board "243"]

1. b4 a5 2. b5 b6 3. Bb2 Bb7 4. c4 d6 5. e3 e5 6. Nf3 Nd7 7. Be2 f6 8. O-O Ne7 9. d4 Ng6 10. a4 Be7 11. Nc3 O-O 12. Rc1 Qe8 13. Nd5 Bxd5 14. cxd5 Rc8 15. dxe5 Ngxe5 16. Nd4 Nc5 17. Re1 Qf7 18. f4 Ned7 19. Ne6 Rfe8 20. Bh5 g6 21. Be2 Kh8 22. f5 Rg8 23. Rf1 Nf8 24. Nxc5 bxc5 25. fxg6 hxg6 26. Bg4 Rd8 27. e4 Rg7 28. Rf3 Rh7 29. Qe2 Nd7 30. Be6 Qg7 31. Bxd7 Rxd7 32. Rcf1 Rd8 33. Bxf6 Bxf6 34. Rxf6 Re8 35. Qf3 Rh5 36. Rf7 Qd4+ 37. Kh1 Qe5 38. Rf8+ Kh7 39. h3 Re7 40. Rf7+ Rxf7 41. Qxf7+ Qg7 42. Qf8 Qxf8 43. Rxf8 Re5 44. Rf7+ Kg8 45. Rxc7 Rxe4 46. b6 Rb4 47. b7 1-0


[Site "https://www.chess.com"]

[Event "Titled Tuesday Blitz August 22 Early 2023"]
[White "rikchessmx"]
[Black "Andrade Truyol, Geiner Jose"]
[BlackFideId "4431987"]
[WhiteElo "2377"]
[BlackElo "2207"]
[Result "1-0"]
[Round "4"]
[TimeControl "180+1"]
[Date "2023.08.22"]
[WhiteClock "0:01:18"]
[BlackClock "0:00:13"]
[Board "245"]

1. e4 e5 2. Nf3 Nf6 3. Nc3 Nc6 4. Bc4 Bb4 5. d3 O-O 6. O-O Bxc3 7. bxc3 d6 8. h3 Be6 9. Bb3 Bxb3 10. axb3 Ne7 11. Re1 Ng6 12. Be3 h6 13. c4 b6 14. b4 Nd7 15. Qd2 Kh7 16. c5 bxc5 17. bxc5 dxc5 18. Qa5 c4 19. dxc4 Qe7 20. Qxc7 Rac8 21. Qxa7 Rxc4 22. Red1 Rd8 23. Rd2 Ngf8 24. Rad1 Rxe4 25. Bb6 Rc8 26. Rxd7 Nxd7 27. Rxd7 Qe6 28. Rxf7 Qg6 29. Qb7 Rcc4 30. Be3 Rxe3 31. fxe3 e4 32. Ne5 Rb4 33. Nxg6 Rxb7 34. Rxb7 Kxg6 35. Rd7 1-0


[Site "https://www.chess.com"]

[Event "Titled Tuesday Blitz August 22 Early 2023"]
[White "Larina, Maria"]
[Black "Rodriguez Fontecha, Marcos"]
[WhiteFideId "24113182"]
[BlackFideId "2256576"]
[WhiteElo "2192"]
[BlackElo "2375"]
[Result "0-1"]
[Round "4"]
[TimeControl "180+1"]
[Date "2023.08.22"]
[WhiteClock "0:01:06"]
[BlackClock "0:00:55"]
[Board "246"]

1. e4 e6 2. d4 d5 3. Nc3 Bb4 4. exd5 exd5 5. Bd3 Ne7 6. Qh5 Nbc6 7. a3 Bd6 8. Nb5 Be6 9. Nf3 a6 10. Nxd6+ Qxd6 11. Ng5 h6 12. Be3 g6 13. Qh4 Nf5 14. Bxf5 Bxf5 15. O-O-O Qf6 16. Rhe1 O-O-O 17. Qg3 hxg5 18. Bxg5 Qd6 19. Bxd8 Qxg3 20. hxg3 Kxd8 21. f3 Rh2 22. Re2 Be6 23. g4 Ne7 24. b3 g5 25. Rdd2 Ng6 26. Re5 Nxe5 27. dxe5 c5 28. Kb2 Kc7 29. c3 Rh1 30. b4 Re1 0-1


[Site "https://www.chess.com"]

[Event "Titled Tuesday Blitz August 22 Early 2023"]
[White "Johnson, Ben"]
[Black "Okike, David"]
[WhiteFideId "2010917"]
[BlackFideId "8500134"]
[WhiteElo "2136"]
[BlackElo "2344"]
[Result "0-1"]
[Round "4"]
[TimeControl "180+1"]
[Date "2023.08.22"]
[WhiteClock "0:00:05"]
[BlackClock "0:00:53"]
[Board "247"]

1. Nf3 d5 2. e3 c6 3. c4 Nf6 4. Nc3 Bg4 5. cxd5 cxd5 6. Qb3 Nc6 7. Qxb7 Bd7 8. d4 Rb8 9. Qa6 e6 10. a3 Rb6 11. Qd3 Na5 12. Be2 Nc4 13. Rb1 Bd6 14. Nd2 Nxd2 15. Qxd2 O-O 16. O-O Qb8 17. f4 Rc8 18. Bf3 Rb3 19. Ra1 Qc7 20. Bd1 Rb7 21. Bc2 Qb8 22. Qd3 a6 23. g4 g6 24. g5 Ne8 25. h4 Bb5 26. Nxb5 Rxb5 27. b4 Rb6 28. Bd2 Ng7 29. Bd1 Nf5 30. Bg4 Ng3 31. Rf3 Ne4 32. Be1 Rbc6 33. h5 Rc1 34. Rxc1 Rxc1 35. Rf1 Qc8 36. hxg6 hxg6 37. Bf3 Qc6 38. Bxe4 dxe4 39. Qe2 Rc2 40. Bd2 a5 41. bxa5 Bxa3 42. Qd1 Ra2 43. Qe1 Bd6 44. Bb4 Bc7 45. Bc5 Bxa5 46. Qh4 Bb6 47. Rf2 Rxf2 48. Kxf2 Bxc5 49. dxc5 Qxc5 50. Qh1 Qc2+ 51. Kg3 Qd2 52. Qxe4 Qe1+ 53. Kf3 Qh1+ 0-1


[Site "https://www.chess.com"]

[Event "Titled Tuesday Blitz August 22 Early 2023"]
[White "Alfaro, William"]
[Black "knightinshiningarmour16"]
[WhiteFideId "6100457"]
[WhiteElo "2338"]
[BlackElo "2120"]
[Result "0-1"]
[Round "4"]
[TimeControl "180+1"]
[Date "2023.08.22"]
[WhiteClock "0:00:00"]
[BlackClock "0:01:31"]
[Board "248"]

1. e4 c6 2. d4 d5 3. exd5 cxd5 4. Bd3 Nc6 5. c3 Nf6 6. Bf4 g6 7. Nd2 Bf5 8. Bxf5 gxf5 9. Ngf3 e6 10. O-O Ne4 11. Re1 Bd6 12. Bxd6 Qxd6 13. Ne5 Nxe5 14. dxe5 Qb6 15. Qa4+ Kf8 16. Nxe4 fxe4 17. Qa3+ Ke8 18. c4 h5 19. cxd5 exd5 20. Rac1 h4 21. Re3 Qe6 22. Rc7 Qxe5 23. Rxb7 d4 24. f4 Qe6 25. Qa4+ Kf8 26. Qxd4 Rh5 27. Rxe4 Qc6 28. Re5 Rxe5 0-1


[Site "https://www.chess.com"]

[Event "Titled Tuesday Blitz August 22 Early 2023"]
[White "Mikhaylova, Irina"]
[Black "Kula, Robert"]
[WhiteFideId "4109040"]
[BlackFideId "1101218"]
[WhiteElo "2333"]
[BlackElo "2114"]
[Result "1-0"]
[Round "4"]
[TimeControl "180+1"]
[Date "2023.08.22"]
[WhiteClock "0:00:38"]
[BlackClock "0:00:39"]
[Board "249"]

1. Nf3 g6 2. d4 Bg7 3. c4 b6 4. Nc3 Bb7 5. e4 e6 6. Be2 Ne7 7. O-O O-O 8. d5 d6 9. dxe6 fxe6 10. Ng5 Qd7 11. Bg4 Rf6 12. e5 dxe5 13. Qxd7 Nxd7 14. Bxe6+ Rxe6 15. Nxe6 c5 16. Rd1 Nf6 17. Bg5 Nf5 18. Nxg7 Kxg7 19. Bxf6+ Kxf6 20. Nd5+ Kf7 21. Nc7 Rc8 22. Nb5 Ke6 23. Nxa7 Ra8 24. Nb5 Nd4 25. Nc7+ Kd6 26. Nxa8 Bxa8 27. f3 Bb7 28. Kf2 Ba6 29. b3 Ke6 30. Rac1 Bb7 31. Rd2 h5 32. h4 Kf5 33. Rb2 Nc6 34. a3 e4 35. fxe4+ Kxe4 36. b4 Ne5 37. Re2+ Kf5 38. Rxe5+ Kxe5 39. bxc5 bxc5 40. Ke3 Bxg2 41. a4 Kf5 42. a5 Bc6 43. Rb1 Kg4 44. Rb6 Bd7 45. a6 Kxh4 46. a7 g5 47. a8=Q Bf5 48. Qh1+ Kg4 49. Rb5 h4 50. Rxc5 Bc2 51. Qg1+ Kh3 52. Rxg5 Be4 53. Qg4+ Kh2 54. Qxh4# 1-0


[Site "https://www.chess.com"]

[Event "Titled Tuesday Blitz August 22 Early 2023"]
[White "Nugumanov, Bakhtiyar"]
[Black "micke12a"]
[WhiteFideId "13701797"]
[WhiteElo "2106"]
[BlackElo "2320"]
[Result "0-1"]
[Round "4"]
[TimeControl "180+1"]
[Date "2023.08.22"]
[WhiteClock "0:00:00"]
[BlackClock "0:00:21"]
[Board "250"]

1. Nf3 d5 2. g3 Nf6 3. Bg2 c5 4. O-O Nc6 5. d4 cxd4 6. Nxd4 e5 7. Nxc6 bxc6 8. c4 h6 9. Nc3 Be6 10. Qa4 Qd7 11. Rd1 Bd6 12. cxd5 cxd5 13. Qxd7+ Kxd7 14. Nxd5 Nxd5 15. Bxd5 Bxd5 16. Rxd5 Ke6 17. Rd1 Rac8 18. Be3 Rc2 19. Rd2 Rhc8 20. Rad1 Bb4 21. Rd7 a5 22. a3 Be7 23. R7d2 f5 24. Rxc2 Rxc2 25. Rd2 Rxd2 26. Bxd2 a4 27. Kg2 Bc5 28. e3 g5 29. Bc3 Kd5 30. Kf3 g4+ 31. Ke2 Ke4 32. Ba5 Bd6 33. Bd8 f4 34. exf4 exf4 35. Bf6 h5 36. Bc3 Bc5 37. Bf6 f3+ 38. Ke1 Kd3 39. Bg7 Bd6 40. Bc3 Bxa3 41. Bf6 Bb4+ 42. Kd1 Bc5 43. Ke1 Kc2 44. Bg7 Bb4+ 45. Kf1 Kd1 46. h3 Bd2 47. hxg4 hxg4 0-1


[Site "https://www.chess.com"]

[Event "Titled Tuesday Blitz August 22 Early 2023"]
[White "Seifert, Henryk"]
[Black "Goswami, Vedant"]
[WhiteFideId "1100963"]
[BlackFideId "5003725"]
[WhiteElo "2101"]
[BlackElo "2315"]
[Result "1-0"]
[Round "4"]
[TimeControl "180+1"]
[Date "2023.08.22"]
[WhiteClock "0:00:32"]
[BlackClock "0:00:56"]
[Board "251"]

1. e4 a6 2. d4 c6 3. Bd3 d5 4. e5 g6 5. Nf3 Nh6 6. O-O Bf5 7. h3 Bxd3 8. Qxd3 e6 9. c3 Nf5 10. Nbd2 Be7 11. g4 Ng7 12. Re1 h5 13. Nf1 hxg4 14. hxg4 Nd7 15. Ng3 Nf8 16. Kg2 Qd7 17. b4 Nh7 18. a4 O-O-O 19. Be3 Rdg8 20. b5 a5 21. Rab1 f5 22. exf6 Bxf6 23. g5 Nxg5 24. Bxg5 Bxg5 25. Nxg5 e5 26. bxc6 Qg4 27. cxb7+ Kb8 28. Qa6 1-0


[Site "https://www.chess.com"]

[Event "Titled Tuesday Blitz August 22 Early 2023"]
[White "Sericano, Claudio"]
[Black "Skaric, Djuro"]
[WhiteFideId "800473"]
[BlackFideId "934569"]
[WhiteElo "2053"]
[BlackElo "2311"]
[Result "0-1"]
[Round "4"]
[TimeControl "180+1"]
[Date "2023.08.22"]
[WhiteClock "0:00:00"]
[BlackClock "0:00:08"]
[Board "252"]

1. e4 d6 2. d4 g6 3. Nc3 Bg7 4. Nf3 Nf6 5. Be2 O-O 6. O-O Nc6 7. h3 h6 8. Be3 e5 9. Qd2 Kh7 10. Rad1 Nd7 11. dxe5 Ndxe5 12. Nxe5 dxe5 13. Qxd8 Nxd8 14. Bc5 Re8 15. Nd5 Ne6 16. Be3 b6 17. Bb5 Rf8 18. Bc6 Rb8 19. c3 Ba6 20. Rfe1 f5 21. exf5 gxf5 22. Ne7 Rf7 23. Nxf5 Bf6 24. Nxh6 Rg7 25. Be4+ Kh8 26. Nf5 Rh7 27. Ng3 Rg8 28. Bxh7 Kxh7 29. Rd7+ Kg6 30. Ne4 Bh4 31. g3 Bb7 32. Nd6 Bc6 33. Nf7 Kf6 34. Red1 Bxg3 35. fxg3 Rxg3+ 36. Kf2 Rxh3 37. Nd8 Bxd7 38. Rxd7 Rh2+ 39. Ke1 Rxb2 40. Nxe6 Kxe6 41. Rxc7 Rxa2 42. Rb7 Kd5 43. Bd2 Ke4 44. Ke2 Kd5 45. Rd7+ Kc4 46. Rc7+ Kd5 47. Rd7+ Ke4 48. Rb7 Ra4 49. Rb8 Ra5 50. Rb7 Ra2 51. Rb8 Kd5 52. Rd8+ Kc6 53. Ke3 a5 54. Re8 Kd6 55. Rd8+ Ke6 56. Re8+ Kd5 57. Rd8+ Kc4 58. Ke4 b5 59. Kxe5 a4 60. Rd4+ Kc5 61. Be3 Re2 62. Re4+ Kc6 63. Bd4 Rc2 64. Re3 a3 65. Re1 a2 66. Ra1 Re2+ 67. Kf5 Kd5 68. Kf4 Kc4 69. Kf3 Rc2 70. Ke3 b4 71. cxb4 Kxb4 72. Kd3 Kb3 73. Be3 Rg2 74. Bd2 Rg3+ 75. Be3 Kb2 76. Rxa2+ Kxa2 77. Ke4 Rg2 78. Bf4 Re2+ 79. Kf3 Rc2 80. Kg4 Kb3 81. Kg3 Kc4 82. Kh3 Kd3 83. Kg4 Ke4 84. Bg3 Rc4 85. Kh3 Kf3 86. Bb8 Rg4 87. Kh2 Rh4+ 88. Kg1 Rg4+ 89. Kh1 Rb4 90. Bh2 Rb1+ 91. Bg1 Rb2 92. Ba7 Re2 93. Bb6 Re6 94. Bg1 Rh6+ 95. Bh2 Rg6 96. Bc7 Kf2 97. Bh2 Kf1 98. Bf4 Kf2 0-1


[Site "https://www.chess.com"]

[Event "Titled Tuesday Blitz August 22 Early 2023"]
[White "ArmanGhevondyanchess"]
[Black "Acikel, Mert"]
[BlackFideId "12956465"]
[WhiteElo "2048"]
[BlackElo "2303"]
[Result "1-0"]
[Round "4"]
[TimeControl "180+1"]
[Date "2023.08.22"]
[WhiteClock "0:02:11"]
[BlackClock "0:00:15"]
[Board "253"]

1. Nf3 Nf6 2. d4 d5 3. Nc3 e6 4. Bf4 a6 5. a4 Bd6 6. Bg3 O-O 7. e3 Bxg3 8. hxg3 Nbd7 9. Bd3 h6 10. Ng5 hxg5 11. Bh7+ Nxh7 12. Qh5 Ndf6 13. Qh2 Re8 14. f4 gxf4 15. gxf4 g6 16. g4 Qd6 17. g5 Nh5 18. O-O-O b5 19. Ne2 e5 20. dxe5 Qc5 21. Rd4 bxa4 22. Ng3 Bg4 23. f5 Rxe5 24. Nxh5 Bxh5 25. Qxe5 Nxg5 26. fxg6 fxg6 27. Rxh5 1-0


[Site "https://www.chess.com"]

[Event "Titled Tuesday Blitz August 22 Early 2023"]
[White "Nihal Sarin"]
[Black "Demchenko, Anton"]
[WhiteFideId "25092340"]
[BlackFideId "4160258"]
[WhiteElo "3134"]
[BlackElo "2931"]
[Result "1/2-1/2"]
[Round "5"]
[TimeControl "180+1"]
[Date "2023.08.22"]
[WhiteClock "0:00:14"]
[BlackClock "0:00:16"]
[Board "1"]

1. c4 e5 2. Nc3 Nc6 3. g3 Nf6 4. Bg2 Bb4 5. Nd5 a5 6. e3 O-O 7. Ne2 Bc5 8. O-O d6 9. a3 Nxd5 10. cxd5 Ne7 11. b3 Bb6 12. d4 Bg4 13. dxe5 dxe5 14. Bb2 f6 15. Qc2 Nc8 16. h3 Bxe2 17. Qxe2 Nd6 18. Rac1 Qe7 19. Rfd1 f5 20. Kh2 Rae8 21. Re1 Qf7 22. Qd2 f4 23. exf4 exf4 24. Rxe8 fxg3+ 25. fxg3 Qxe8 26. Re1 Qd7 27. Re2 Rf7 28. h4 Qb5 29. Bh3 Qxe2+ 30. Qxe2 Rf2+ 31. Qxf2 Bxf2 32. Kg2 Bc5 33. a4 b5 34. Bc3 bxa4 35. bxa4 Bb6 36. Kf3 Kf8 37. Be6 Nb7 38. Bd7 Nc5 39. Bc6 g6 40. g4 Kf7 41. g5 Nb3 42. Kf4 Nc5 43. Bb5 Nb7 44. Kg4 Nd6 45. Bd3 Nc8 46. h5 Nd6 47. h6 Nc8 48. Bb5 Nd6 49. Bd7 Ne8 50. Be6+ Kf8 51. Kf3 Ke7 52. Bg8 Kf8 53. Be6 Ke7 54. Ke4 Kf8 55. Kd3 Ke7 56. Bg7 Bc5 57. Bc3 Bb6 58. Be5 Bc5 59. Kc4 Bb6 60. Kb5 Nd6+ 61. Kc6 Ne8 62. Bg8 Kf8 63. Bxh7 Kf7 64. Kd7 Nd6 65. Bxd6 cxd6 66. Kxd6 Be3 67. Kc6 Bxg5 68. d6 Bxh6 69. d7 Bg5 70. Kc7 Kg7 71. Bxg6 Kxg6 72. d8=Q Bxd8+ 73. Kxd8 Kf6 74. Kc7 Ke7 75. Kb6 Kd8 76. Kxa5 Kc8 77. Kb6 Kb8 78. a5 Ka8 79. a6 Kb8 80. a7+ Ka8 81. Ka6 1/2-1/2


[Site "https://www.chess.com"]

[Event "Titled Tuesday Blitz August 22 Early 2023"]
[White "Firouzja, Alireza"]
[Black "Zhigalko, Sergei"]
[WhiteFideId "12573981"]
[BlackFideId "13502956"]
[WhiteElo "3113"]
[BlackElo "2931"]
[Result "0-1"]
[Round "5"]
[TimeControl "180+1"]
[Date "2023.08.22"]
[WhiteClock "0:00:00"]
[BlackClock "0:00:03"]
[Board "2"]

1. e4 c5 2. Nf3 Nc6 3. Bb5 Nf6 4. e5 Nd5 5. O-O Nc7 6. Bxc6 dxc6 7. d3 h6 8. Be3 b6 9. Nc3 Bf5 10. d4 c4 11. Nh4 Bh7 12. e6 Nxe6 13. Qf3 Rc8 14. d5 cxd5 15. Nxd5 Ng5 16. Qg4 e6 17. Rad1 Bd6 18. Nc3 Bxc2 19. Rd4 O-O 20. Nb5 Rc6 21. Bf4 f5 22. Qh5 Ne4 23. Ng6 Bd3 24. Nxf8 Qxf8 25. Nxd6 Nxd6 26. Re1 Nf7 27. Rd7 Be4 28. f3 Bd5 29. Be3 c3 30. bxc3 Rxc3 31. Qg6 Ne5 32. Rxg7+ Qxg7 33. Qxg7+ Kxg7 34. Bd4 Rc2 35. Bxe5+ Kg6 36. a3 b5 37. Rb1 a6 38. Ra1 h5 39. h4 Kf7 40. Rb1 Ke8 41. Rf1 Kd7 42. Kh2 a5 43. Kg3 b4 44. axb4 axb4 45. Rb1 b3 46. Ra1 Kc6 47. Ra8 Kb5 48. Rb8+ Kc4 49. Rc8+ Kd3 50. Rb8 Ke2 51. Kf4 Kf2 52. Bd4+ Kxg2 53. Rg8+ Kf1 54. Rh8 Ke2 0-1


[Site "https://www.chess.com"]